 Dungeon Crawl Stone Soup version 0.27.1-3-gb3d3a73c9e (webtiles) character file.

Game seed: 4409089877500568996

35928 ANNNA the Eclecticist (level 13, -5/66 HPs)
             Began as a Deep Elf Venom Mage on Oct 23, 2021.
             Was a High Priest of Sif Muna.
             Frozen to death by Hyperion's ghost (43 damage)
             ... on level 11 of the Dungeon.
             The game lasted 00:58:38 (17558 turns).

ANNNA the Eclecticist (Deep Elf Venom Mage)        Turns: 17558, Time: 00:58:38

Health: -5/66      AC:  9    Str:  9    XL:     13   Next: 50%
Magic:  3/34       EV: 13    Int: 22    God:    Sif Muna [*****.]
Gold:   801        SH:  0    Dex: 15    Spells: 12/43 levels left

rFire    + . .     SeeInvis .   S - +7 great sword of Zucwa {spect, rElec rPois rC- Stlth-}
rCold    x . .     Faith    .   (shield currently unavailable)
rNeg     . . .     Spirit   .   U - +0 troll leather armour
rPois    +         Reflect  .   (no helmet)
rElec    +         Harm     .   H - +0 cloak
rCorr    .         Rampage  .   (no gloves)
Will     +....                  N - +2 pair of boots
Stlth    ++........             d - amulet of regeneration
HPRegen  2.21/turn              e - ring of protection from fire
MPRegen  0.24/turn              n - ring of wizardry

@: swift, radiating poison, very quick
A: no striking features
a: Renounce Religion, Channel Magic, Forget Spell, Divine Exegesis


You were on level 11 of the Dungeon.
You worshipped Sif Muna.
Sif Muna was extremely pleased with you.
You visited 4 branches of the dungeon, and saw 16 of its levels.

You collected 1335 gold pieces.
You spent 534 gold pieces at shops.

Inventory:

Hand Weapons
 l - a +2 dagger of holy wrath
 o - a +3 dagger
 S - the +7 great sword of Zucwa (weapon) {spect, rElec rPois rC- Stlth-}
   (You found it on level 10 of the Dungeon)

   When its wielder attacks, the weapon's spirit leaps out and strikes again.
   The spirit shares a part of any damage it takes with its wielder.
   rC:        It makes you vulnerable to cold.
   rElec:     It insulates you from electricity.
   rPois:     It protects you from poison.
   Stlth:     It makes you less stealthy.
Missiles
 k - 223 stones
 m - 41 poisoned darts (quivered)
 B - 6 javelins
Armour
 a - a +0 robe
 q - a +0 leather armour
 H - a +0 cloak (worn)
 I - the +0 ring mail "Wudy" {rN+ Str+4}
   (You found it on level 8 of the Dungeon)

   Str:       It affects your strength (+4).
   rN:        It protects you from negative energy.
 N - a +2 pair of boots (worn)
 R - a +0 leather armour of fire resistance
 T - a +2 robe of cold resistance
 U - a +0 troll leather armour (worn)
Jewellery
 d - an amulet of regeneration (around neck)
 e - a ring of protection from fire (left hand)
 n - a ring of wizardry (right hand)
 p - an amulet of guardian spirit
 s - a ring of see invisible
 W - the amulet of the Modern Mice {Spirit +Inv Dex+2}
   (You bought it in a shop on level 11 of the Dungeon)

   [amulet of guardian spirit]

   It causes incoming damage to be divided between your reserves of health and
   magic.
   Dex:       It affects your dexterity (+2).
   +Inv:      It lets you turn invisible.
 Y - a +4 ring of slaying
Wands
 i - a wand of paralysis (16)
 y - a wand of iceblast (5)
 D - a wand of flame (14)
 J - a wand of mindburst (21)
 K - a wand of charming (10)
Scrolls
 b - 3 scrolls of holy word
 c - 3 scrolls of noise
 f - 2 scrolls of identify
 g - 2 scrolls of vulnerability {unknown}
 j - 3 scrolls of fear
 r - 2 scrolls of amnesia {unknown}
 t - a scroll of brand weapon {unknown}
 u - a scroll of enchant armour {unknown}
 v - 2 scrolls of blinking {unknown}
 w - 2 scrolls of teleportation
 x - a scroll of fog {unknown}
 C - 2 scrolls of enchant weapon {unknown}
 Q - a scroll of summoning {unknown}
 V - 2 scrolls of magic mapping {unknown}
Potions
 h - 2 potions of flight
 z - 2 potions of might
 A - 4 potions of resistance
 E - a potion of attraction {unknown}
 G - 5 potions of brilliance
 L - a potion of haste {unknown}
 M - a potion of cancellation {unknown}
 O - 2 potions of invisibility {unknown}
 P - 2 potions of magic {unknown}
 X - 2 potions of berserk rage


   Skills:
 + Level 1.7 Fighting
 + Level 2.5(3.3) Short Blades
 + Level 2.9(3.3) Long Blades
 + Level 1.1 Throwing
 + Level 4.5 Armour
 + Level 4.8 Dodging
 + Level 4.7 Stealth
 + Level 15.9 Spellcasting
 + Level 1.8 Conjurations
 + Level 7.8 Transmutations
 + Level 7.5 Fire Magic
 + Level 7.7 Air Magic
 + Level 0.8 Earth Magic
 + Level 13.3 Poison Magic
 + Level 0.3 Evocations


You had 12 spell levels left.
You knew the following spells:

 Your Spells              Type           Power      Damage    Failure   Level
a - Sting                 Tmut/Pois      100%       1d8       1%          1
b - Poisonous Vapours     Pois/Air       100%       N/A       1%          2
c - Mephitic Cloud        Conj/Pois/Air  50%        N/A       1%          3
d - Olgreb's Toxic Radia  Pois           66%        N/A       1%          4
e - Ignite Poison         Fire/Tmut/Pois 56%        N/A       1%          3
f - Bolt of Magma         Conj/Fire/Erth 16%        4d9       12%         5
g - Swiftness             Air            51%        N/A       1%          3
h - Airstrike             Air            25%        N/A       1%          4
i - Conjure Ball Lightni  Conj/Air       19%        3x3d6     34%         6

Your spell library contained the following spells:

 Spells                   Type           Power      Damage    Failure   Level
 Magic Dart               Conj           100%       1d8       1%          1
 Shock                    Conj/Air       100%       1d9       1%          1
 Corpse Rot               Necr/Air       N/A        N/A       1%          2
 Alistair's Intoxication  Tmut/Pois      39%        N/A       1%          5
 Call Imp                 Summ           17%        N/A       2%          2
 Eringya's Noxious Bog    Tmut/Pois      29%        N/A       3%          6
 Lightning Bolt           Conj/Air       19%        1d33      7%          5


Dungeon Overview and Level Annotations

Branches:
Dungeon (11/15)            Temple (1/1) D:7            Lair (2/6) D:8
    Orc (2/2) D:10            Elf (0/3) Orc:2
  Swamp: Lair:2-4    Shoals: Lair:2-4     Snake: Lair:2-4    Spider: Lair:2-4

Altars:
Fedhas
Kikubaaqudgha
Sif Muna
Vehumet
The Shining One
Beogh

Shops:
D:4 ?   D:5 (   D:11 *   Orc:2 (!:(

Annotations:
D:5 2 transporters, Cykl0x's ghost, novice MiFi
D:11 1 transporter, Hyperion's ghost, journeyman VSIE


Message History

The water moccasin bites you but does no damage.
Casting: Bolt of Magma (quite dangerous; 12% risk of failure)
Confirm with . or Enter, or press ? or * to list all spells.
Aiming: Airstrike (dangerous; 1% risk of failure)
Press: ? - help, Dir - move target, f/p - Hyperion's ghost
Aim: Hyperion's ghost The air twists around and strikes Hyperion's ghost!
Hyperion's ghost is moderately damaged.
You feel sick. The water moccasin barely misses you.
You riposte.
You slice the water moccasin!!
You kill the water moccasin!
Sif Muna accepts your kill.
You feel much better.
You feel sick.
Casting: Airstrike (dangerous; 1% risk of failure)
Confirm with . or Enter, or press ? or * to list all spells.
You don't know that spell.
Okay, then.
Casting: Airstrike (dangerous; 1% risk of failure)
Confirm with . or Enter, or press ? or * to list all spells.
You feel quick.
You feel sick. Hyperion's ghost freezes you.
You are frozen!!
You feel a terrible chill!
Casting: Swiftness (safe; 1% risk of failure)
Confirm with . or Enter, or press ? or * to list all spells.
You begin to radiate toxic energy.
You feel sick.
You are no longer poisoned.
Hyperion's ghost hits you!
Casting: Olgreb's Toxic Radiance (safe; 1% risk of failure)
Confirm with . or Enter, or press ? or * to list all spells.
Your toxic radiance grows in intensity.
Hyperion's ghost freezes you.
You are frozen!!
You feel a terrible chill!
* * * LOW HITPOINT WARNING * * *
You feel much better. Hyperion's ghost hits you!!
* * * LOW HITPOINT WARNING * * *
You feel much better. Hyperion's ghost freezes you.
You are frozen!!!
You feel a terrible chill!
Ouch! That really hurt!
You die...

.≈.....≈..####.....###....#
)..≈..≈≈..###..#####.##.#.#
.....≈≈≈..##..##......#...#
......≈...##.##..y.#..##..#
...^..≈≈..##.#...# !.# #..#
≈............##..##.#. #..#
..........#..©#.#...#)##..#
..........##.##.....#?#...#
.........###.#..@#©†=!#©..#
........## #.#.#.W†#.)#..##
.......## #.##.#..†..##.#
.......# #..#...#.#.†#.#
.....#.######.#...#.#..#.#
..............#.......##.#
..............###.©.###..#
..#.............#####...##
###...................###


You could see Hyperion's ghost.

Vanquished Creatures
  An orc warlord (Orc:1)
  A hydra (Lair:1)
  2 ogre magi (Orc:2)
  12 two-headed ogres
  2 deep trolls (Orc:2)
  An ugly thing (D:11)
  2 orc sorcerers (Orc:1)
  2 orc knights (Orc:1)
  4 cyclopes
  A moth of wrath (D:11)
  5 komodo dragons (Lair:1)
  13 trolls
  2 hornets
  2 wraiths
  30 yaks
  3 wyverns
  Grum (D:8)
  A steam dragon (D:7)
  Edmund (D:6)
  3 wargs (Orc:1)
  5 water moccasins
  An acid dragon (D:10)
  A black bear (D:8)
  26 orc warriors
  An ice beast (D:6)
  24 ogres
  2 necrophages
  4 wolves (D:8)
  6 centaurs
  A phantom (D:6)
  A kobold brigand (D:8)
  5 bullfrogs
  6 scorpions
  A wyvern skeleton (D:7)
  12 killer bees
  3 howler monkeys (D:10)
  5 centaur zombies
  A bullfrog zombie (D:5)
  22 orc priests
  A bullfrog skeleton (D:7)
  A jelly (D:5)
  A hound (D:5)
  Jessica (D:3)
  2 iguanas
  18 orc wizards
  Natasha (thrice) (D:2)
  Robin (D:2)
  A howler monkey zombie (D:9)
  2 adders
  3 gnolls (D:7)
  A shadow imp (D:7)
  A white imp (D:7)
  2 adder skeletons (D:4)
  3 worms
  A dart slug (D:4)
  72 orcs
  7 bats
  4 endoplasms
  2 giant cockroaches (D:3)
  17 goblins
  4 hobgoblins
  3 quokkas
  5 ball pythons
  5 frilled lizards
  10 kobolds
  A rat (D:1)
388 creatures vanquished.

Vanquished Creatures (others)
  A bush (Lair:1)
  16 fungi
  25 plants
42 creatures vanquished.

Grand Total: 430 creatures vanquished

Notes
Turn   | Place    | Note
-------+----------+-------------------------------------------
     0 | D:1      | ANNNA the Deep Elf Venom Mage began the quest for the Orb.
     0 | D:1      | Reached XP level 1. HP: 10/10 MP: 6/6
   165 | D:1      | Reached XP level 2. HP: 8/15 MP: 0/8
   290 | D:1      | Learned a level 2 spell: Poisonous Vapours
  1436 | D:2      | Noticed Robin
  1442 | D:2      | Reached XP level 3. HP: 19/19 MP: 6/9
  1515 | D:2      | Killed Robin
  1871 | D:2      | Reached skill level 1 in Air Magic
  2213 | D:2      | Found a faded altar of an unknown god.
  2247 | D:2      | Reached skill level 4 in Spellcasting
  2303 | D:2      | Noticed Natasha
  2310 | D:2      | Killed Natasha
  2311 | D:2      | Reached XP level 4. HP: 9/24 MP: 2/12
  2386 | D:2      | Learned a level 3 spell: Mephitic Cloud
  2391 | D:2      | Learned a level 4 spell: Olgreb's Toxic Radiance
  2434 | D:2      | Noticed Natasha
  2442 | D:2      | Killed Natasha
  2561 | D:2      | Noticed Natasha
  2566 | D:2      | Killed Natasha
  2567 | D:2      | Reached XP level 5. HP: 28/28 MP: 4/13
  3102 | D:3      | Noticed Jessica
  3106 | D:3      | Killed Jessica
  3543 | D:4      | Reached skill level 5 in Poison Magic
  3943 | D:3      | Reached XP level 6. HP: 19/32 MP: 13/15
  3947 | D:3      | Learned a level 3 spell: Ignite Poison
  4198 | D:4      | Reached skill level 5 in Spellcasting
  4575 | D:4      | Found Lobeup Poom's Magic Scroll Boutique.
  4580 | D:4      | Bought a scroll of identify for 22 gold pieces
  4580 | D:4      | Bought a scroll of identify for 22 gold pieces
  4580 | D:4      | Bought a scroll of identify for 22 gold pieces
  4580 | D:4      | Bought a scroll of identify for 22 gold pieces
  4580 | D:4      | Bought a scroll of identify for 22 gold pieces
  4874 | D:5      | Entered Level 5 of the Dungeon
  5026 | D:5      | Identified the +5 ring mail of the Moneychanger {+Blink rF+
                  | rC+ Stlth-}
  5026 | D:5      | Identified the +8 kite shield "Idyrgh" {rN+ Stlth+}
  5158 | D:5      | Found a transporter.
  5159 | D:5      | Found a transporter.
  5174 | D:5      | Noticed Cykl0x's ghost (novice MiFi)
  5194 | D:5      | Reached XP level 7. HP: 36/36 MP: 13/17
  5391 | D:5      | Found Onehaoro's Antique Weapon Shoppe.
  5415 | D:5      | Noticed a wraith
  5423 | D:5      | Killed a wraith
  5424 | D:5      | Reached skill level 1 in Armour
  5891 | D:6      | Found an ancient bone altar of Kikubaaqudgha.
  5939 | D:6      | Reached skill level 6 in Spellcasting
  5961 | D:6      | Reached skill level 1 in Fire Magic
  6151 | D:6      | Reached XP level 8. HP: 39/42 MP: 6/19
  6578 | D:6      | Reached skill level 7 in Spellcasting
  6746 | D:6      | Noticed Edmund
  6760 | D:6      | Killed Edmund
  7233 | D:7      | Reached skill level 1 in Fighting
  7233 | D:7      | Reached skill level 1 in Short Blades
  7233 | D:7      | Reached skill level 1 in Throwing
  7233 | D:7      | Reached skill level 1 in Conjurations
  7343 | D:7      | Found a staircase to the Ecumenical Temple.
  7392 | Temple   | Entered the Ecumenical Temple
  7396 | Temple   | Became a worshipper of Sif Muna the Loreminder
  7514 | D:7      | Reached skill level 8 in Spellcasting
  7514 | D:7      | Reached XP level 9. HP: 47/47 MP: 14/23
  7999 | D:8      | Noticed Grum
  8028 | D:8      | Killed Grum
  8126 | D:8      | Identified the +0 ring mail "Wudy" {rN+ Str+4}
  8267 | D:8      | Noticed a two-headed ogre
  8272 | D:8      | Killed a two-headed ogre
  8273 | D:8      | Reached skill level 9 in Spellcasting
  8381 | D:8      | Reached * piety under Sif Muna
  8625 | D:8      | Reached XP level 10. HP: 52/52 MP: 17/25
  8803 | D:8      | Found a staircase to the Lair.
  8816 | Lair:1   | Entered Level 1 of the Lair of Beasts
  9084 | Lair:1   | Reached skill level 10 in Spellcasting
  9144 | Lair:1   | Found a blossoming altar of Fedhas.
  9359 | Lair:1   | You fall into a shaft and drop 1 floor!
  9435 | Lair:1   | Reached skill level 5 in Transmutations
  9614 | Lair:1   | Reached skill level 10 in Poison Magic
  9615 | Lair:1   | Reached skill level 11 in Spellcasting
  9823 | Lair:1   | Noticed a four-headed hydra
  9832 | Lair:1   | Killed a four-headed hydra
 10067 | Lair:1   | Reached XP level 11. HP: 56/56 MP: 11/28
 10371 | Lair:1   | Noticed a catoblepas
 10391 | Lair:1   | HP: 2/56 [poisoned by a water moccasin]
 10880 | D:9      | Learned a level 5 spell: Bolt of Magma
 10936 | D:9      | Noticed a two-headed ogre
 10941 | D:9      | Killed a two-headed ogre
 10942 | D:9      | Reached skill level 12 in Spellcasting
 10942 | D:9      | Reached skill level 5 in Fire Magic
 11653 | D:10     | Entered Level 10 of the Dungeon
 11666 | D:10     | Reached ** piety under Sif Muna
 11850 | D:10     | Noticed a two-headed ogre
 12165 | D:10     | Killed a two-headed ogre
 12166 | D:10     | Reached skill level 5 in Air Magic
 12358 | D:10     | Found a staircase to the Orcish Mines.
 12363 | Orc:1    | Entered Level 1 of the Orcish Mines
 12363 | Orc:1    | Noticed an orc sorcerer
 12365 | Orc:1    | Killed an orc sorcerer
 12370 | Orc:1    | Noticed an orc warlord
 12503 | D:10     | Identified the +7 great sword of Zucwa {spect, rElec rPois
                  | rC- Stlth-}
 13014 | Orc:1    | Noticed an orc sorcerer
 13017 | Orc:1    | Killed an orc sorcerer
 13023 | Orc:1    | Killed an orc warlord
 13024 | Orc:1    | Reached skill level 1 in Long Blades
 13024 | Orc:1    | Reached skill level 13 in Spellcasting
 13185 | Orc:1    | Reached *** piety under Sif Muna
 13191 | Orc:1    | Reached XP level 12. HP: 61/61 MP: 6/31
 13663 | Orc:2    | Entered Level 2 of the Orcish Mines
 14166 | Orc:2    | Found a staircase to the Elven Halls.
 14472 | Orc:2    | Noticed a two-headed ogre
 14490 | Orc:2    | Killed a two-headed ogre
 14678 | Orc:2    | Reached skill level 14 in Spellcasting
 14733 | Orc:2    | Noticed an ogre mage
 14735 | Orc:2    | Killed an ogre mage
 14735 | Orc:2    | Reached **** piety under Sif Muna
 14740 | Orc:2    | Noticed a two-headed ogre
 14743 | Orc:2    | Killed a two-headed ogre
 14751 | Orc:2    | Noticed a two-headed ogre
 14847 | Orc:2    | Killed a two-headed ogre
 15070 | Orc:2    | Noticed a two-headed ogre
 15073 | Orc:2    | Killed a two-headed ogre
 15241 | Orc:2    | Noticed a two-headed ogre
 15244 | Orc:2    | Killed a two-headed ogre
 15281 | Orc:2    | Noticed a two-headed ogre
 15284 | Orc:2    | Killed a two-headed ogre
 15434 | Orc:2    | Found Xuwonoy's Book Shoppe.
 15435 | Orc:2    | Found Adyf's Antique Weapon Shop.
 15438 | Orc:2    | Noticed a two-headed ogre
 15438 | Orc:2    | Noticed an ogre mage
 15442 | Orc:2    | Killed a two-headed ogre
 15442 | Orc:2    | Killed an ogre mage
 15443 | Orc:2    | Reached skill level 15 in Spellcasting
 15445 | Orc:2    | Reached XP level 13. HP: 65/65 MP: 13/34
 15655 | Orc:2    | Found Ifaica's Distillery.
 15658 | Orc:2    | Found Yfucyretul's Weapon Boutique.
 15711 | Orc:2    | Bought 2 potions of heal wounds for 150 gold pieces
 16115 | Orc:1    | Reached ***** piety under Sif Muna
 16116 | Orc:1    | Received a gift from Sif Muna
 16215 | Orc:1    | Got Sif Muna's Almanac of Air and Toxins {god gift}
 16922 | D:11     | Learned a level 3 spell: Swiftness
 16927 | D:11     | Learned a level 4 spell: Airstrike
 16934 | D:11     | Learned a level 6 spell: Conjure Ball Lightning
 17377 | D:11     | Found Dezeunac's Assorted Antiques.
 17385 | D:11     | Bought a shimmering silver amulet for 130 gold pieces
 17385 | D:11     | Identified the amulet of the Modern Mice {Spirit +Inv
                  | Dex+2} (You bought it in a shop on level 11 of the Dungeon)
 17385 | D:11     | Bought a scroll of identify for 52 gold pieces
 17385 | D:11     | Bought 2 glowing red potions for 46 gold pieces
 17385 | D:11     | Bought 2 metallic emerald potions for 46 gold pieces
 17481 | D:11     | Found a transporter.
 17482 | D:11     | Noticed Hyperion's ghost (journeyman VSIE)
 17494 | D:11     | Found a transporter.
 17558 | D:11     | Frozen to death by Hyperion's ghost

Illustrated notes

Levels and vault maps discovered:
D:1:      ncdulo_halloftheorcs, layout_loops_cross, nrook_loot_triangle,
          kennysheep_minor_cross
D:2:      layout_basic, shapermc_ecumenical_altar_pompeii, uniq_natasha,
          uniq_robin
D:3:      layout_rooms, corexii_item_surrounded_by_moat, uniq_jessica
D:4:      layout_basic, serial_shops, nicolae_shop_crystal
D:5:      layout_loops_corners, gammafunk_ghost_gnarly_gnolls, serial_shops,
          nicolae_shop_overgrown_old_shop
D:6:      layout_gridville, kiku_gazebo_pond_becter, uniq_edmund
D:7:      layout_loops_ring, minmay_temple_entry_stoned_glass,
          chequers_serial_rivers_micro_d
D:8:      layout_loops_ring, grunt_lair_entry_orc_guard_hut, minivault_25,
          uniq_grum
D:9:      layout_loops_cross
D:10:     layout_loops_ring, orc_0_dummy
D:11:     layout_basic, serial_shops, shop, gammafunk_ghost_berserking_beasts
Temple:   nicolae_temple_the_god_donut
Lair:1:   layout_layer_cave, basic_altar, hangedman_lair_generics_rect
Lair:2:   layout_layer_cave, basic_altar, chequers_serial_rivers_small_b
Orc:1:    layout_caves, basic_altar
Orc:2:    st_orc_open, layout_diamond_mine

Skill      XL: |  1  2  3  4  5  6  7  8  9 10 11 12 13 |
---------------+----------------------------------------+-----
Poison Magic   | 4 5 6 7 9 10 11 12 13 | 13.3
Air Magic      | 1 2 3 4 5 6 7 |  7.7
Spellcasting   | 4 5 6 8 9 11 13 15 | 15.9
Dodging        | 3 4 |  4.8
Transmutations | 2 4 5 6 7 |  7.8
Stealth        | 3 4 |  4.7
Armour         | 2 3 4 |  4.5
Fire Magic     | 1 2 3 4 6 7 |  7.5
Fighting       | 1 |  1.7
Short Blades   | 1 2 |  2.5
Throwing       | 1 |  1.1
Conjurations   | 1 |  1.8
Long Blades    | 1 2 |  2.9
Earth Magic    | |  0.8
Evocations     | |  0.3

Action                   |  1- 3 |  4- 6 |  7- 9 | 10-12 | 13-15 || total
-------------------------+-------+-------+-------+-------+-------++-------
Melee: Short sword       |     7 |       |       |       |       ||     7
       Dagger            |     4 |    21 |    53 |    10 |       ||    88
       Great sword       |       |       |       |    11 |    13 ||    24
Throw: Dart              |     2 |     2 |     9 |       |       ||    13
 Cast: Sting             |    43 |    36 |    23 |    14 |       ||   116
       Poisonous Vapours |    34 |    41 |    27 |    98 |    18 ||   218
       Ignite Poison     |       |     6 |    36 |   104 |    26 ||   172
       Mephitic Cloud    |       |     3 |    16 |     7 |     1 ||    27
       Olgreb's Toxic Ra |       |       |     6 |    38 |    12 ||    56
       Bolt of Magma     |       |       |       |     5 |     3 ||     8
       Airstrike         |       |       |       |       |     6 ||     6
       Swiftness         |       |       |       |       |     1 ||     1
Evoke: Wand              |       |       |       |     4 |       ||     4
  Use: Scroll            |       |       |       |     9 |     2 ||    11
       Potion            |       |       |       |     3 |     4 ||     7
 Stab: Distracted        |       |       |       |       |     1 ||     1
Armor: Robe              |    13 |     3 |       |       |       ||    16
       Leather armour    |       |     2 |    21 |       |       ||    23
       Ring mail         |       |       |     1 |    23 |       ||    24
       Troll leather arm |       |       |       |       |    13 ||    13
Dodge: Dodged            |    25 |    15 |    64 |    40 |    26 ||   170
       Rpst.: Great sword |       |       |       |     1 |    13 ||    14
